 Dungeon Crawl Stone Soup version 0.29-a0-993-g4a18f31a58 (webtiles) character file.

Game seed: 1154766232538103692

7 IdlyInterested the Twirler (level 1, -2/16 HPs)
             Began as a Demonspawn Gladiator on Aug 2, 2022.
             Slain by a quokka (3 damage)
             ... on level 1 of the Dungeon.
             The game lasted 00:00:37 (298 turns).

IdlyInterested the Twirler (Demonspawn Gladiator)    Turns: 298, Time: 00:00:37

Health: -2/16      AC:  6    Str: 14    XL:     1   Next: 91%
Magic:  1/1        EV: 11    Int:  9    God:
Gold:   0          SH:  0    Dex: 14    Spells: 0/0 levels left

rFire   . . .      SeeInvis .   a - +0 quarterstaff
rCold   . . .      Faith    .   (shield currently unavailable)
rNeg    . . .      Spirit   .   g - +0 ring mail
rPois   .          Reflect  .   c - +0 helmet
rElec   .          Harm     .   (no cloak)
rCorr   .          Rampage  .   (no gloves)
Will    .....                   (no boots)
Stlth   +.........              (no amulet)
HPRegen 0.05/turn               (no ring)
MPRegen 0.07/turn               (no ring)

@: no status effects
A: no striking features
a: no special abilities


You were on level 1 of the Dungeon.
You visited 1 branch of the dungeon, and saw 1 of its levels.

Inventory:

Hand Weapons
 a - a +0 quarterstaff (weapon)
Missiles
 d - 3 throwing nets (quivered)
 e - a javelin
Armour
 b - a +0 leather armour
 c - a +0 helmet (worn)
 g - a +0 ring mail (worn)
Scrolls
 f - 2 scrolls of identify {unknown}
 h - a scroll of enchant weapon {unknown}


   Skills:
 + Level 2.2 Fighting
 * Level 3.0 Staves
 - Level 1.7 Throwing
 - Level 2.6 Dodging


You couldn't memorise any spells.
You didn't know any spells.
Your spell library was empty.

Dungeon Overview and Level Annotations

Branches:
Dungeon (1/15)

Altars:


Message History

The kobold hits you with a +0 short sword.
You barely miss the kobold.
The kobold is heavily wounded.
The quokka bites you but does no damage.
The kobold hits you but does no damage. The kobold barely misses you.
The quokka closely misses you.
You sock the kobold!
You kill the kobold!
The kobold barely misses you.
The quokka bites you but does no damage.
You closely miss the kobold.
The quokka bites you but does no damage.
The kobold barely misses you.
You closely miss the kobold. The quokka barely misses you.
The kobold closely misses you. The quokka bites you.
* * * LOW HITPOINT WARNING * * *
You hit the kobold but do no damage. The kobold barely misses you.
The quokka bites you but does no damage.
The kobold closely misses you.
You hit the kobold but do no damage. The quokka misses you.
The quokka bites you but does no damage.
The kobold hits you with a +0 short sword.
* * * LOW HITPOINT WARNING * * *
You hit the kobold.
The kobold is severely wounded.
The quokka bites you but does no damage.
The kobold misses you.
You sock the kobold!
You kill the kobold!
The quokka bites you but does no damage.
You completely miss the quokka. The quokka bites you.
* * * LOW HITPOINT WARNING * * *
The quokka bites you but does no damage.
You hit the quokka.
The quokka is heavily wounded.
The quokka barely misses you.
You barely miss the quokka.
The quokka is heavily wounded.
The quokka bites you.
You die...

......... #....... #......##
....... #.....# #. #.....#
#.# #.r)).# #.# #..@)$#
#.######.....#
#............##########
###...........#.........#
..#...........#.........#
....#.#...........#.........#
....#.#...........#.........#
....#.#.###########.........#
....#.#.###########.........#


You could see a quokka.

Vanquished Creatures
  3 endoplasms (D:1)
  3 kobolds (D:1)
6 creatures vanquished.

Notes
Turn   | Place    | Note
-------+----------+-------------------------------------------
     0 | D:1      | IdlyInterested the Demonspawn Gladiator began the quest for
                  | the Orb.
     0 | D:1      | Reached XP level 1. HP: 16/16 MP: 1/1
   283 | D:1      | Reached skill level 3 in Staves
   298 | D:1      | Slain by a quokka

Illustrated notes

Levels and vault maps discovered:
D:1:      shiori_shiawase, layout_basic

Skill      XL: |  1 |
---------------+----+-----
Staves         | 3 |  3.0
Fighting       | |  2.2
Throwing       | |  1.7
Dodging        | |  2.6

Action                   || total
-------------------------++-------
Melee: Quarterstaff      ||    25
Armor: Ring mail         ||    23
Dodge: Dodged            ||    32

Table legend: (Time is in decaauts)
 A = Elapsed time spent in this place.
 B = Non-inter-level travel time spent in this place.
 C = Inter-level travel time spent in this place.
 D = Time resting spent in this place.
 E = Time spent auto-exploring this place.
 F = Levels seen in this place.
 G = Mean time per level.
                   A        B        C        D        E       F      G
               +--------+--------+--------+--------+--------+-----+--------+
         Total |    301 |    301 |      0 |     90 |    148 |   1 |  301.0 |
       Dungeon |    301 |    301 |      0 |     90 |    148 |   1 |  301.0 |
               +--------+--------+--------+--------+--------+-----+--------+

Top non-repeatable levels by time:
     D:1: 301 daAuts
